 Dungeon Crawl Stone Soup version 0.30-a0-1163-gf69bf04e7a (webtiles) character file.

Game seed: 14222515538583863317

40 Esekla the Sneak (level 3, 0/26 HPs)
             Began as an Octopode Delver on Apr 28, 2023.
             Engulfed by a cloud of steam (17 damage)
             ... on level 5 of the Dungeon.
             The game lasted 00:04:47 (588 turns).

Esekla the Sneak (Octopode Delver)                   Turns: 588, Time: 00:04:48

Health: 0/26       AC:  1    Str: 11    XL:     3   Next: 50%
Magic:  4/4        EV: 13    Int: 14    God:
Gold:   0          SH:  0    Dex: 13    Spells: 3/3 levels left

rFire   . . .        a - +0 falchion
rCold   . . .        (no shield)
rNeg    . . .        (helmet restricted)
rPois   +            (no amulet)
rElec   .            g - ring of poison resistance
rCorr   .            (no ring)
SInv    .            (no ring)
Will    .....        (no ring)
Stlth   +++++        (no ring)
HPRegen 0.24/turn    (no ring)
MPRegen 0.09/turn    (no ring)
                     (no ring)

%: no passive effects
@: no status effects
A: almost no armour, amphibious, 8 rings, camouflage 1, gelatinous body 1,
nimble swimmer 1, tentacles
a: no special abilities


You were on level 5 of the Dungeon.
You visited 2 branches of the dungeon, and saw 2 of its levels.

Inventory:

Hand Weapons
 a - a +0 falchion (weapon)
Jewellery
 g - a ring of poison resistance (left tentacle)
Wands
 f - a wand of digging (3)
Scrolls
 b - a scroll of fog
 c - a scroll of magic mapping
 h - a scroll of identify {unknown}
 i - a scroll of immolation {unknown}
Potions
 d - a potion of magic {unknown}
 e - a potion of haste
 j - a potion of flight {unknown}


   Skills:
 * Level 3.3 Fighting
 * Level 2.3 Long Blades
 * Level 2.2 Dodging
 + Level 7.2 Stealth
 * Level 0.7 Spellcasting


You had 3 spell levels left.
You didn't know any spells.
Your spell library was empty.

Dungeon Overview and Level Annotations

Branches:
Dungeon (5/15)             Temple (1/1) D:5

Altars:
Dithmenos
Gozag
Okawaru
Qazlal
Ru
Sif Muna


Innate Abilities, Weirdness & Mutations

You cannot wear most types of armour.
You are amphibious.
You can wear up to eight rings at the same time.
Your skin changes colour to match your surroundings (Stealth+).
Your rubbery body absorbs attacks. (AC +1, EV +1)
You are camouflaged when in or above water. (Stealth+)
You have tentacles for arms and can constrict up to eight enemies at once.


Message History

You hit the orc. You grab the orc.
The orc is severely wounded.
You constrict the orc. The orc hits you with a +0 hand axe.
You hit the orc.
You kill the orc!
Found a sacrificial altar of Ru.
Things that are here:
a +0 hand axe; a +0 leather armour You start resting.
HP restored.
There is a staircase back to the Dungeon here.
You climb upwards.
There is a staircase to the Ecumenical Temple here.
You enter the shallow water.
You closely miss the orc wizard. Your grab misses the orc wizard.
Your squeeze misses the orc wizard. You closely miss the orc wizard.
You grab the orc wizard.
You constrict the orc wizard, but do no damage.
The orc wizard barely misses you.
The orc wizard hits you with a +0 dagger.
You hit the orc wizard.
The orc wizard is moderately wounded.
You constrict the orc wizard.
The orc wizard splashes around in the water.
You hit the orc wizard.
The orc wizard is almost dead.
You constrict the orc wizard, but do no damage.
The orc wizard gestures at you while chanting.
The puff of flame misses you.
You hit the orc wizard.
The orc wizard is almost dead.
You are engulfed in a cloud of scalding steam.
You constrict the orc wizard.
The orc wizard splashes around in the water.
You hit the orc wizard.
You kill the orc wizard!
You hear a splash. x2
You are engulfed in a cloud of scalding steam.
Ouch! That really hurt!
You die...

# #..##...##
#...#.#.#
#.#..>#.###
#.###.#...
#..##.#.#.#
#..§~§..#.#
##########.~~§~~...#
#..)......~~§~§§~#.#
#.#######.~§@>~§§#.#
#[..# #.§~§§~§§..#
oo#.# ##.~~§~~......
##.#.# #..~§~..####.
#o# # ######### #.#
#.# ..#


There were no monsters in sight!

Vanquished Creatures
  A sleepcap (Temple)
  An orc wizard (D:5)
  An adder (D:5)
  3 orcs
6 creatures vanquished.

Notes
Turn   | Place    | Note
-------+----------+-------------------------------------------
     0 | D:5      | Esekla the Octopode Delver began the quest for the Orb.
     0 | D:5      | Reached XP level 1. HP: 16/16 MP: 1/1
     5 | D:5      | Noticed an ice beast
    17 | D:5      | Noticed a sleepcap
    45 | D:5      | Reached XP level 2. HP: 10/21 MP: 2/2
   338 | D:5      | Noticed an ogre
   399 | Temple   | Entered the Ecumenical Temple
   530 | Temple   | Reached skill level 7 in Stealth
   530 | Temple   | Reached XP level 3. HP: 26/26 MP: 2/4
   588 | D:5      | Engulfed by a cloud of steam

Illustrated notes

Levels and vault maps discovered:
D:5:      layout_basic, gammafunk_temple_overflow_forgotten,
          minmay_temple_entry_mist, hangedman_minor_gate_pass,
          uniq_blork_the_orc
Temple:   hellmonk_temple_of_storms

Skill      XL: |  1  2 |
---------------+-------+-----
Stealth        | 7 |  7.2
Fighting       | |  3.3
Long Blades    | |  2.3
Dodging        | |  2.2
Spellcasting   | |  0.7

Action                     || total
---------------------------++-------
  Melee: Falchion          ||    23
         Tentacles         ||     4
         Constrict         ||     5
         Punch             ||     1
    Use: Scroll            ||     1
 Armour: Skin              ||     1
  Dodge: Dodged            ||    11

Table legend: (Time is in decaauts)
 A = Elapsed time spent in this place.
 B = Non-inter-level travel time spent in this place.
 C = Inter-level travel time spent in this place.
 D = Time resting spent in this place.
 E = Time spent auto-exploring this place.
 F = Levels seen in this place.
 G = Mean time per level.
                   A        B        C        D        E       F      G
               +--------+--------+--------+--------+--------+-----+--------+
         Total |    595 |    595 |      0 |    148 |      0 |   2 |  297.5 |
       Dungeon |    419 |    419 |      0 |      0 |      0 |   1 |  419.0 |
        Temple |    175 |    175 |      0 |    148 |      0 |   1 |  175.0 |
               +--------+--------+--------+--------+--------+-----+--------+

Top non-repeatable levels by time:
     D:5: 419 daAuts
  Temple: 175 daAuts
